 Dungeon Crawl Stone Soup version 0.15.0-29-ga8e3430 (webtiles) character file.

43 Kold the Scratcher (level 3, -7/18 HPs)
             Began as a Felid Chaos Knight on Sept 12, 2014.
             Was a Plaything of Xom.
             Mangled by a goliath beetle (25 damage)
             ... on Level 3 of the Dungeon.
             The game lasted 00:06:43 (3178 turns).

Kold the Scratcher (Felid Chaos Knight)             Turns: 3178, Time: 00:06:45

HP  -7/18        AC  1     Str  9      XL: 3   Next: 37%
MP   5/5         EV 18     Int 13      God: Xom
Gold 176         SH  0     Dex 15      Spells:  0 memorised,  2 levels left
Lives: 0, deaths: 1

rFire  + . .     SeeInvis +       - Unarmed
rCold  . . .     Clarity  .     (armour unavailable)
rNeg   . . .     rCorr    .     (shield unavailable)
rPois  +         rRot     .     (helmet unavailable)
rElec  .         Spirit   .     (cloak unavailable)
SustAb .         Warding  .     (gloves unavailable)
rMut   .         Stasis   .     (boots unavailable)
Gourm  .                        (no amulet)
MR     .....                    (no ring)
                                (no ring)

@: exhausted, quick, not resistant to hostile enchantments, fairly stealthy
A: paw claws, no armour, no weapons or thrown items, fangs 3, see invisible,
carnivore 3, fire resistance 1, speed 1, poison resistance, robust 1, shaggy fur
1, slow metabolism 1, jump 1
a: Jump Attack, Renounce Religion


You were on level 3 of the Dungeon.
You worshipped Xom.
You were a favourite toy of Xom.
You were not hungry.

You visited 1 branch of the dungeon, and saw 3 of its levels.

You collected 176 gold pieces.

Inventory:

Magical devices
 k - a wand of polymorph (17)
Comestibles
 c - 2 meat rations
Scrolls
 a - a scroll of identify
 d - 2 scrolls of fog
 h - a scroll of fear {unknown}
Potions
 b - a potion of curing
 e - a potion of magic {unknown}
 f - a potion of beneficial mutation {unknown}
 l - a potion of restore abilities {unknown}
 m - a potion of haste {unknown}


   Skills:
 - Level 3.0 Fighting
 - Level 3.2 Dodging
 - Level 3.0 Stealth
 + Level 4.6 Unarmed Combat


You had 2 spell levels left.
You didn't know any spells.

Dungeon Overview and Level Annotations

Branches:
Dungeon (3/15)

Altars:


Innate Abilities, Weirdness & Mutations

You cannot wear armour.
You are incapable of wielding weapons or throwing items.
Your paws have sharp claws.
You have razor-sharp teeth.
You have supernaturally acute eyesight.
You are carnivorous and can eat meat at any time.
You cover ground quickly.
You are covered in fur (AC +1).
You have a slow metabolism.
You can jump attack at a short distance.
Your flesh is heat resistant.
Your system is resistant to poisons.
You are robust (+10% HP).


Message History

You see here the felid skeleton of Kold.
Eating a chunk of felid flesh.
This raw flesh tastes great.
You continue eating. x2
The goliath beetle is too close now for your liking.
Use which ability? (? or * to list)
Aiming: Jump Attack
Press: ? - help, Dir - move target cursor, f - you, p - goliath beetle You cannot target yourself.
Okay, then.
Use which ability? (? or * to list)
Aiming: Jump Attack
Press: ? - help, Dir - move target cursor, f/p - goliath beetle
Aim: a goliath beetle (severely wounded, hasn't noticed you)
You jump-attack the goliath beetle!
You scratch the goliath beetle but do no damage.
Your bite misses the goliath beetle.
The goliath beetle is severely wounded.
You feel somewhat more hungry. The goliath beetle bites you!!
Ouch! That really hurt!
You die...

#.# ########.#.######.#
#.# #.%............##.#
..####..###≈..≈###..##.#
.....).#...#≈≈#...#.##.#
#.###..#.⌠.#≈≈#.⌠.#..#.##
#.# #..#...#≈≈#...#.....#
#.# #...###≈≈≈≈###..##..#
..# #....[≈≈≈≈≈≈B...##..#
..# #.....%≈≈≈≈≈@...##..#
### #...###≈≈≈≈###...#..#
#..#...#≈≈#..%#....%#
#...
#..#.⌠.#≈≈#.⌠.#.##..#
#.##
#####..#...#≈≈#...#.....#
........###≈..≈###..###.#
........................#
########[####........####
#.# ##########


You could see a goliath beetle.

Vanquished Creatures
  3 adders
  2 worms (D:2)
  A giant gecko (D:1)
  3 giant cockroaches (D:2)
  6 hobgoblins
  9 kobolds
  3 quokkas
  A ball python (D:2)
  7 bats
  5 giant newts
  9 goblins
  8 rats
57 creatures vanquished.

Notes
Turn   | Place    | Note
--------------------------------------------------------------
     0 | D:1      | Kold, the Felid Chaos Knight, began the quest for the Orb.
     0 | D:1      | Reached XP level 1. HP: 10/10 MP: 2/2
    26 | D:1      | Reached skill level 1 in Stealth
    62 | D:1      | XOM: harmless Pois miscast
    73 | D:1      | XOM: divination: detect creatures
   378 | D:1      | XOM: noise
   388 | D:1      | Reached XP level 2. HP: 12/14 MP: 3/3
   416 | D:2      | XOM: divination: magic mapping
   718 | D:1      | XOM is BORED!
   718 | D:1      | XOM: mild Pois miscast
   821 | D:1      | XOM is BORED!
   821 | D:1      | XOM: medium Pois miscast
   869 | D:1      | XOM: mild Chrm miscast
   979 | D:1      | XOM: give mutations
   979 | D:1      | Gained mutation: You are robust (+10% HP). [Xom's grace]
   979 | D:1      | Gained mutation: Your flesh is heat resistant. [Xom's grace]
  1144 | D:1      | XOM: god gift: 6 bolts of penetration
  1269 | D:2      | Reached XP level 3. HP: 6/18 MP: 5/5
  1502 | D:2      | Reached skill level 4 in Unarmed Combat
  1571 | D:2      | XOM: give mutation
  1571 | D:2      | Gained mutation: Your system is resistant to poisons. [Xom's grace]
  1692 | D:2      | XOM: 2-stop teleportation journey
  1767 | D:1      | XOM: vitrification
  1959 | D:2      | Reached XP level 4. HP: 8/23 MP: 7/7
  2119 | D:2      | XOM is BORED!
  2119 | D:2      | XOM: mild Chrm miscast
  2881 | D:3      | XOM: 5-stop teleportation journey
  2891 | D:3      | XOM: blink monster(s)
  3075 | D:3      | XOM: silly message
  3104 | D:3      | Mangled by a goliath beetle
  3105 | D:3      | Reached XP level 3. HP: -9/18 MP: 5/5
  3178 | D:3      | Mangled by a goliath beetle

Action                   |  1- 3 |  4- 6 || total
-------------------------+-------+-------++-------
Melee: Unarmed           |   142 |    54 ||   196
 Abil: Jump Attack       |     3 |     2 ||     5
Evoke: Wand              |       |     1 ||     1
  Use: Potion            |     2 |       ||     2
       Scroll            |     4 |     2 ||     6
 Stab: Sleeping          |     2 |     2 ||     4
  Eat: Chunk             |    10 |     2 ||    12
